PA
ROCKY MOUNTAIN VIBES @ CHICAGO TULA
05/13/2042
 
TOP OF THE 1ST
Rocky Mountain Vibes batting - Pitching for Chicago Tula : RHP Motka Vidyasov
Pitching: RHP Motka Vidyasov
Batting: RHB Mark Fontenot 0-0: Swinging Strike
0-1: Ball
1-1: Foul Ball, location: 2F
1-2: Strikes out swinging
Batting: LHB Alexandre Prost 0-0: Swinging Strike
0-1: Foul Ball, location: 2F
0-2: Ball
1-2: Foul Ball, location: 2F
1-2: Ball
2-2: Ground out 3-1 (Groundball, 34, EV 87.5 MPH)
Batting: RHB Magnus Fjord 0-0: Called Strike
0-1: Foul Ball, location: 2F
0-2: Foul Ball, location: 2F
0-2: Ball
1-2: Ball
2-2: Ball
3-2: Strikes out swinging
Top of the 1st over - 0 runs, 0 hits, 0 errors, 0 left on base; Rocky Mountain 0 - Chicago 0
BOTTOM OF THE 1ST
Chicago Tula batting - Pitching for Rocky Mountain Vibes : RHP Jack Croucher
Pitching: RHP Jack Croucher
Batting: LHB Cisco Gracía 0-0: Ball
1-0: Swinging Strike
1-1: Swinging Strike
1-2: Strikes out swinging
Batting: LHB Mike Reynolds 0-0: Called Strike
0-1: Ball
1-1: Foul Ball, location: 2F
1-2: Ball
2-2: Strikes out looking
Batting: RHB Guillermo Dettori 0-0: Ball
1-0: Called Strike
1-1: Fly out, F9 (Line Drive, 9D, EV 88.1 MPH)
Bottom of the 1st over - 0 runs, 0 hits, 0 errors, 0 left on base; Rocky Mountain 0 - Chicago 0
TOP OF THE 2ND
Rocky Mountain Vibes batting - Pitching for Chicago Tula : RHP Motka Vidyasov
Batting: RHB Ramón Semprún 0-0: Called Strike
0-1: Ball
1-1: Ground out 6-3 (Groundball, 56D, EV 80.0 MPH)
Batting: RHB David Mooney 0-0: Called Strike
0-1: Foul Ball, location: 2F
0-2: Ball
1-2: Strikes out looking
Batting: RHB Kenny Wright 0-0: Ball
1-0: Called Strike
1-1: Called Strike
1-2: Strikes out swinging
Top of the 2nd over - 0 runs, 0 hits, 0 errors, 0 left on base; Rocky Mountain 0 - Chicago 0
BOTTOM OF THE 2ND
Chicago Tula batting - Pitching for Rocky Mountain Vibes : RHP Jack Croucher
Batting: LHB Andrew Gray 0-0: Ball
1-0: Swinging Strike
1-1: Ball
2-1: Swinging Strike
2-2: Strikes out swinging
Batting: RHB Jeff Weber 0-0: Ball
1-0: Swinging Strike
1-1: Ball
2-1: Swinging Strike
2-2: Strikes out swinging
Batting: RHB Cédric Dumas 0-0: Ball
1-0: Ball
2-0: Ball
3-0: Base on Balls
Batting: RHB Terry Baker 0-0: Swinging Strike
0-1: Ball
1-1: Fly out, F8 (Flyball, 8LXD, EV 94.4 MPH)
Bottom of the 2nd over - 0 runs, 0 hits, 0 errors, 1 left on base; Rocky Mountain 0 - Chicago 0
TOP OF THE 3RD
Rocky Mountain Vibes batting - Pitching for Chicago Tula : RHP Motka Vidyasov
Batting: RHB Robert Green 0-0: Called Strike
0-1: Ball
1-1: Foul Ball, location: 2F
1-2: Strikes out swinging
Batting: RHB Kyle Michaud 0-0: Ball
1-0: Ball
2-0: Ball
3-0: Called Strike
3-1: Ground out 6-3 (Groundball, 56, EV 80.6 MPH)
Batting: RHB Colm Partridge 0-0: Ground out U3 (Groundball, 3, EV 78.8 MPH)
Top of the 3rd over - 0 runs, 0 hits, 0 errors, 0 left on base; Rocky Mountain 0 - Chicago 0
BOTTOM OF THE 3RD
Chicago Tula batting - Pitching for Rocky Mountain Vibes : RHP Jack Croucher
Batting: RHB Chad Brown 0-0: Foul Ball, location: 2F
0-1: Ball
1-1: Called Strike
1-2: Strikes out swinging
Batting: RHB Millard King 0-0: Ball
1-0: Ball
2-0: Called Strike
2-1: Ball
3-1: Foul Ball, location: 2F
3-2: Strikes out swinging
Batting: LHB Cisco Gracía 0-0: Called Strike
0-1: Ball
1-1: Foul Ball, location: 2F
1-2: Ball
2-2: Ball
3-2: Ground out U3 (Groundball, 3, EV 85.0 MPH)
Bottom of the 3rd over - 0 runs, 0 hits, 0 errors, 0 left on base; Rocky Mountain 0 - Chicago 0
TOP OF THE 4TH
Rocky Mountain Vibes batting - Pitching for Chicago Tula : RHP Motka Vidyasov
Batting: RHB Mark Fontenot 0-0: Called Strike
0-1: Foul Ball, location: 2F
0-2: Fly out, F9 (Line Drive, 9, EV 95.0 MPH)
Batting: LHB Alexandre Prost 0-0: Ball
1-0: Ball
2-0: Fly out, F8 (Flyball, 8LXD, EV 106.2 MPH)
Batting: RHB Magnus Fjord 0-0: Foul Ball, location: 2F
0-1: Foul Ball, location: 2F
0-2: Strikes out looking
Top of the 4th over - 0 runs, 0 hits, 0 errors, 0 left on base; Rocky Mountain 0 - Chicago 0
BOTTOM OF THE 4TH
Chicago Tula batting - Pitching for Rocky Mountain Vibes : RHP Jack Croucher
Batting: LHB Mike Reynolds 0-0: Ball
1-0: Ball
2-0: Foul Ball, location: 2F
2-1: Ground out 2-3 (Groundball, 13S, EV 70.6 MPH)
Batting: RHB Guillermo Dettori 0-0: Ball
1-0: Fly out, F3 (Popup, 3, EV 62.5 MPH)
Batting: LHB Andrew Gray 0-0: Fly out, F9 (Flyball, 9D, EV 109.4 MPH)
Bottom of the 4th over - 0 runs, 0 hits, 0 errors, 0 left on base; Rocky Mountain 0 - Chicago 0
TOP OF THE 5TH
Rocky Mountain Vibes batting - Pitching for Chicago Tula : RHP Motka Vidyasov
Batting: RHB Ramón Semprún 0-0: Swinging Strike
0-1: Ball
1-1: Ball
2-1: Foul Ball, location: 2F
2-2: Strikes out swinging
Batting: RHB David Mooney 0-0: Foul Ball, location: 2F
0-1: Called Strike
0-2: Strikes out swinging
Batting: RHB Kenny Wright 0-0: Ball
1-0: Ball
2-0: Ground out 6-3 (Groundball, 6, EV 83.8 MPH)
Top of the 5th over - 0 runs, 0 hits, 0 errors, 0 left on base; Rocky Mountain 0 - Chicago 0
BOTTOM OF THE 5TH
Chicago Tula batting - Pitching for Rocky Mountain Vibes : RHP Jack Croucher
Batting: RHB Jeff Weber 0-0: Ball
1-0: Called Strike
1-1: Swinging Strike
1-2: Fly out, F9 (Flyball, 89M, EV 96.2 MPH)
Batting: RHB Cédric Dumas 0-0: Foul Ball, location: 2F
0-1: Swinging Strike
0-2: Fly out, F4 (Popup, 4D, EV 57.5 MPH)
Batting: RHB Terry Baker 0-0: Ball
1-0: Foul Ball, location: 2F
1-1: Ball
2-1: Called Strike
2-2: Fly out, F8 (Flyball, 8RM, EV 79.4 MPH)
Bottom of the 5th over - 0 runs, 0 hits, 0 errors, 0 left on base; Rocky Mountain 0 - Chicago 0
TOP OF THE 6TH
Rocky Mountain Vibes batting - Pitching for Chicago Tula : RHP Motka Vidyasov
Batting: RHB Robert Green 0-0: Ball
1-0: Foul Ball, location: 2F
1-1: Ball
2-1: Foul Ball, location: 2F
2-2: Hit by Pitch
Batting: RHB Kyle Michaud 0-0: Sac Bunt to 2R - play at first, batter OUT! 2-4
Robert Green to second
Batting: RHB Colm Partridge 0-0: Called Strike
0-1: Swinging Strike
0-2: Ball
1-2: Hit by Pitch
Batting: RHB Mark Fontenot 0-0: Hit by Pitch
Robert Green to third
Colm Partridge to second
Batting: LHB Alexandre Prost 0-0: Foul Ball, location: 2F
0-1: Ball
Wild Pitch!
Robert Green scores
Colm Partridge to third
Mark Fontenot to second
1-1: Ball
2-1: Fly out, F5 (Popup, 56, EV 73.8 MPH)
Batting: RHB Magnus Fjord 0-0: Ball
1-0: Ground out 6-3 (Groundball, 6, EV 90.0 MPH)
Top of the 6th over - 1 run, 0 hits, 0 errors, 2 left on base; Rocky Mountain 1 - Chicago 0
BOTTOM OF THE 6TH
Chicago Tula batting - Pitching for Rocky Mountain Vibes : RHP Jack Croucher
Batting: RHB Chad Brown 0-0: Ball
1-0: Called Strike
1-1: Foul Ball, location: 2F
1-2: Strikes out swinging
Batting: RHB Millard King 0-0: Ball
1-0: Ball
2-0: Fly out, F4 (Popup, 34, EV 61.9 MPH)
Batting: LHB Cisco Gracía 0-0: Foul Ball, location: 2F
0-1: Called Strike
0-2: Ball
1-2: Ball
2-2: SOLO HOME RUN (Flyball, 89XD, EV 97.5 MPH), Distance : 400 ft
Batting: LHB Mike Reynolds 0-0: Fly out, F8 (Line Drive, 8RD, EV 107.5 MPH)
Bottom of the 6th over - 1 run, 1 hit, 0 errors, 0 left on base; Rocky Mountain 1 - Chicago 1
TOP OF THE 7TH
Rocky Mountain Vibes batting - Pitching for Chicago Tula : RHP Motka Vidyasov
Batting: RHB Ramón Semprún 0-0: Ball
1-0: Ball
2-0: Foul Ball, location: 2F
2-1: Called Strike
2-2: Fly out, F9 (Flyball, 9D, EV 95.6 MPH)
Batting: RHB David Mooney 0-0: Called Strike
0-1: Swinging Strike
0-2: Ball
1-2: Fly out, F8 (Flyball, 89D, EV 99.4 MPH)
Batting: RHB Kenny Wright 0-0: Ball
1-0: Ball
2-0: Ball
3-0: Called Strike
3-1: Swinging Strike
3-2: Foul Ball, location: 2F
3-2: Strikes out swinging
Top of the 7th over - 0 runs, 0 hits, 0 errors, 0 left on base; Rocky Mountain 1 - Chicago 1
BOTTOM OF THE 7TH
Chicago Tula batting - Pitching for Rocky Mountain Vibes : RHP Jack Croucher
Batting: RHB Guillermo Dettori 0-0: Called Strike
0-1: Swinging Strike
0-2: Ball
1-2: Strikes out swinging
Batting: LHB Andrew Gray 0-0: Ball
1-0: Ball
2-0: Fly out, F8 (Flyball, 8RS, EV 73.1 MPH)
Batting: RHB Jeff Weber 0-0: Ball
1-0: Ball
2-0: Ball
3-0: Swinging Strike
3-1: Base on Balls
Batting: RHB Cédric Dumas 0-0: Ball
1-0: Swinging Strike
1-1: Called Strike
1-2: Strikes out swinging
Bottom of the 7th over - 0 runs, 0 hits, 0 errors, 1 left on base; Rocky Mountain 1 - Chicago 1
TOP OF THE 8TH
Rocky Mountain Vibes batting - Pitching for Chicago Tula : RHP Motka Vidyasov
Batting: RHB Robert Green 0-0: Called Strike
0-1: Ball
1-1: Foul Ball, location: 2F
1-2: Strikes out swinging
Batting: RHB Kyle Michaud 0-0: Ball
1-0: Ball
2-0: Ball
3-0: Called Strike
3-1: Foul Ball, location: 2F
3-2: Fly out, F4 (Line Drive, 4, EV 65.0 MPH)
Batting: RHB Colm Partridge 0-0: SINGLE (Groundball, 56D, EV 96.2 MPH)
Pitching: LHP Bob Burke
Batting: RHB Mark Fontenot 0-0: Ball
1-0: Foul Ball, location: 2F
1-1: Foul Ball, location: 2F
1-2: Ball
2-2: Foul Ball, location: 2F
2-2: Ground out 1-3 (Groundball, 23, EV 85.6 MPH)
Top of the 8th over - 0 runs, 1 hit, 0 errors, 1 left on base; Rocky Mountain 1 - Chicago 1
BOTTOM OF THE 8TH
Chicago Tula batting - Pitching for Rocky Mountain Vibes : RHP Jack Croucher
Batting: RHB Terry Baker 0-0: SINGLE (Groundball, 34D, EV 104.4 MPH)
Batting: RHB Chad Brown 0-0: Ball
1-0: Ball
2-0: Sac Bunt to 3S - play at second, runner OUT! 3-6
Batting: RHB Millard King 0-0: Ball
1-0: Ball
2-0: Bunted foul
2-1: Bunted foul
2-2: Fly out, F7 (Flyball, 78D, EV 81.9 MPH)
Pitching: RHP Doug Ross
Batting: LHB Cisco Gracía 0-0: Called Strike
0-1: Called Strike
0-2: Ball
1-2: Ball
2-2: Strikes out swinging
Bottom of the 8th over - 0 runs, 1 hit, 0 errors, 1 left on base; Rocky Mountain 1 - Chicago 1
TOP OF THE 9TH
Rocky Mountain Vibes batting - Pitching for Chicago Tula : LHP Bob Burke
Pinch Hitting: RHB Benoît Baudry 0-0: Ball
1-0: Ball
2-0: Called Strike
2-1: Called Strike
2-2: Strikes out swinging
Batting: RHB Magnus Fjord 0-0: Swinging Strike
0-1: Foul Ball, location: 2F
0-2: SINGLE (Groundball, 56D, EV 96.2 MPH)
Batting: RHB Ramón Semprún 0-0: Ball
1-0: Foul Ball, location: 2F
1-1: Swinging Strike
1-2: Ball
2-2: Strikes out swinging
Batting: RHB David Mooney 0-0: Foul Ball, location: 2F
0-1: Ball
1-1: Foul Ball, location: 2F
1-2: Strikes out swinging
Top of the 9th over - 0 runs, 1 hit, 0 errors, 1 left on base; Rocky Mountain 1 - Chicago 1
BOTTOM OF THE 9TH
Chicago Tula batting - Pitching for Rocky Mountain Vibes : RHP Doug Ross
Pitching: LHP Kenny Pollock
Now in LF: Benoît Baudry
Pinch Hitting: RHB José Salas 0-0: Ball
1-0: Ball
2-0: Ball
3-0: Base on Balls
Batting: RHB Guillermo Dettori 0-0: Ball
1-0: SINGLE (Line Drive, 5D, EV 95.0 MPH)
José Salas to second
Batting: LHB Andrew Gray 0-0: Ball
1-0: Fielders Choice at 2nd, 2-4 (Groundball, 2L, EV 66.2 MPH)
José Salas to third
Batting: RHB Jeff Weber 0-0: Swinging Strike
0-1: Called Strike
0-2: Ball
1-2: Foul Ball, location: 2F
1-2: Strikes out swinging
Batting: RHB Cédric Dumas 0-0: Ball
1-0: Foul Ball, location: 2F
1-1: Called Strike
1-2: Strikes out swinging
Bottom of the 9th over - 0 runs, 1 hit, 0 errors, 2 left on base; Rocky Mountain 1 - Chicago 1
TOP OF THE 10TH
Rocky Mountain Vibes batting - Pitching for Chicago Tula : LHP Bob Burke
Pitching: RHP Mario Rosales
Now in RF: José Salas
Batting: RHB Kenny Wright 0-0: Ball
1-0: Foul Ball, location: 2F
1-1: Foul Ball, location: 2F
1-2: Ball
2-2: Strikes out swinging
Pinch Hitting: LHB Bilal Hussain 0-0: Ball
1-0: Called Strike
1-1: Ball
2-1: Ground out 3-1 (Groundball, 34S, EV 91.2 MPH)
Batting: RHB Kyle Michaud 0-0: Ball
1-0: Fly out, F5 (Line Drive, 5, EV 70.0 MPH)
Top of the 10th over - 0 runs, 0 hits, 0 errors, 0 left on base; Rocky Mountain 1 - Chicago 1
BOTTOM OF THE 10TH
Chicago Tula batting - Pitching for Rocky Mountain Vibes : LHP Kenny Pollock
Pitching: RHP Álex Flores
Now in RF: Bilal Hussain
Batting: RHB Terry Baker 0-0: Ground out 4-3 (Groundball, 34, EV 104.4 MPH)
Batting: RHB Chad Brown 0-0: Ball
1-0: Ball
2-0: Called Strike
2-1: Ball
3-1: Foul Ball, location: 2F
3-2: Strikes out swinging
Pinch Hitting: LHB Rafael Mora 0-0: Called Strike
0-1: Called Strike
0-2: Strikes out swinging
Bottom of the 10th over - 0 runs, 0 hits, 0 errors, 0 left on base; Rocky Mountain 1 - Chicago 1
TOP OF THE 11TH
Rocky Mountain Vibes batting - Pitching for Chicago Tula : RHP Mario Rosales
Pitching: RHP Rusty Williams
Now at C: Bob Fisher
Pinch Hitting: RHB Doug Dendy 0-0: Ball
1-0: Called Strike
1-1: DOUBLE (Groundball, 5L, EV 108.8 MPH)
Batting: RHB Mark Fontenot 0-0: Called Strike
0-1: Foul Ball, location: 2F
0-2: Fly out, F6 (Popup, 6, EV 75.0 MPH)
Batting: RHB Benoît Baudry 0-0: Foul Ball, location: 2F
0-1: Ball
1-1: Ground out U3 (Groundball, 34, EV 83.8 MPH)
Doug Dendy to third
Batting: RHB Magnus Fjord 0-0: SINGLE (Groundball, 6M, EV 108.1 MPH)
Doug Dendy scores
Batting: RHB Ramón Semprún 0-0: Called Strike
0-1: Fly out, F7 (Line Drive, 7, EV 93.8 MPH)
Top of the 11th over - 1 run, 2 hits, 0 errors, 1 left on base; Rocky Mountain 2 - Chicago 1
BOTTOM OF THE 11TH
Chicago Tula batting - Pitching for Rocky Mountain Vibes : RHP Álex Flores
Now at C: Jud Fisher
Batting: LHB Cisco Gracía 0-0: Foul Ball, location: 2F
0-1: Called Strike
0-2: Strikes out swinging
Batting: RHB José Salas 0-0: Ground out 6-3 (Groundball, 6, EV 85.6 MPH)
Batting: RHB Guillermo Dettori 0-0: Ground out 1-3 (Groundball, P, EV 70.6 MPH)
Bottom of the 11th over - 0 runs, 0 hits, 0 errors, 0 left on base; Rocky Mountain 2 - Chicago 1
Friday, March 26th, 2021 - OOTP Baseball 20.8 Build 74